 Dungeon Crawl Stone Soup version 0.20.0-10-g0535bb4 (webtiles) character file.

162 MTVSty1e the Chopper (level 5, -7/41 HPs)
             Began as a Vampire Gladiator on June 4, 2017.
             Was an Initiate of Makhleb.
             Mangled by Grinder (10 damage)
             ... on level 3 of the Dungeon.
             The game lasted 00:04:01 (2404 turns).

MTVSty1e the Chopper (Vampire Gladiator)            Turns: 2404, Time: 00:04:01

Health: -7/41      AC:  5    Str: 14    XL:     5   Next: 19%
Magic:  5/5        EV: 13    Int: 10    God:    Makhleb [......]
Gold:   121        SH:  0    Dex: 16    Spells: 4/4 levels left

rFire    . . .     SeeInvis +   a - +0 war axe
rCold    + . .     Gourm    .   (no shield)
rNeg     + + .     Faith    .   b - +0 leather armour
rPois    +         Spirit   .   c - +0 helmet
rElec    .         Reflect  .   (no cloak)
rCorr    .         Harm     .   k - +0 pair of gloves
MR       .....                  (no boots)
Stlth    ++........             (no amulet)
Regen    0.1/turn               (no ring)
MPRegen  0.1/turn               (no ring)

@: regenerating slowly
A: fangs 3, see invisible, unbreathing
a: Bat Form, Renounce Religion


You were on level 3 of the Dungeon.
You worshipped Makhleb.
Makhleb was noncommittal.
You were very thirsty.

You visited 1 branch of the dungeon, and saw 3 of its levels.

You collected 121 gold pieces.

Inventory:

Hand Weapons
 a - a +0 war axe (weapon)
Missiles
 d - 3 throwing nets (quivered)
Armour
 b - a +0 leather armour (worn)
 c - a +0 helmet (worn)
 k - a +0 pair of gloves (worn)
Wands
 u - a wand of random effects (29/48)
Scrolls
 g - 2 scrolls of remove curse
 i - a scroll of noise {unknown}
 j - 3 scrolls of teleportation {unknown}
 l - a scroll of amnesia {unknown}
 q - a scroll of enchant armour {unknown}
 r - a scroll of fog {unknown}
 s - 2 scrolls of fear {unknown}
Potions
 e - 16 potions of blood
 h - 2 potions of magic {unknown}
 m - 2 potions of flight {unknown}
 n - 2 potions of resistance {unknown}
 o - a potion of degeneration {unknown}
 p - 2 potions of agility {unknown}
 t - a potion of ambrosia {unknown}


   Skills:
 + Level 3.1 Fighting
 * Level 4.6 Axes
 - Level 1.5 Throwing
 - Level 3.2 Dodging


You had 4 spell levels left.
You didn't know any spells.

Dungeon Overview and Level Annotations

Branches:
Dungeon (3/15)

Altars:
Gozag
Makhleb
Ru
Xom
The Shining One

Annotations:
D:3 Grinder


Innate Abilities, Weirdness & Mutations

You heal slowly.
You have razor-sharp teeth.
You have supernaturally acute eyesight. (SInv)
You can survive without breathing.


Message History

You kill the ball python!
Makhleb accepts your kill. Grinder hits you! Grinder hits you.
* * * LOW HITPOINT WARNING * * *
You writhe in agony.
* * * LOW HITPOINT WARNING * * *
You are too injured to fight recklessly!
You are too injured to fight recklessly!
You are too injured to fight recklessly!
You are too injured to fight recklessly!
You barely miss Grinder.
Grinder is almost dead.
Grinder hits you.
* * * LOW HITPOINT WARNING * * *
One of your 17 potions of blood rots away.
You hit Grinder.
Grinder is almost dead.
Grinder barely misses you. Grinder hits you!
You die...

#......# ###......#
#........# . #..††....# ..
#........#
...########....#######...
..........'..............
.......####....##.####..
.......'...@...##.# #
.......###5##..##.####..##.
....### #.................
... #####..#...#.##.!..§.#
. #..[)....#....#.....r# #
#.###....#....#........
####### #.#
#...###...#....5.. ##....#
###+###..## ##..#......#
##....#
#.......#+...##........#


You could see Grinder.

Vanquished Creatures
  An orc wizard (D:3)
  A worker ant (D:3)
  A gnoll (D:1)
  2 adders
  2 worms (D:2)
  2 dart slugs (D:1)
  A leopard gecko (D:2)
  4 orcs (D:3)
  2 ball pythons
  2 giant cockroaches (D:2)
  7 goblins
  4 hobgoblins
  12 jackals
  3 quokkas
  8 bats
  A frilled lizard (D:1)
  5 kobolds
  3 rats (D:2)
61 creatures vanquished.

Notes
Turn   | Place    | Note
-------+----------+-------------------------------------------
     0 | D:1      | MTVSty1e the Vampire Gladiator began the quest for the Orb.
     0 | D:1      | Reached XP level 1. HP: 16/16 MP: 1/1
   167 | D:1      | Reached skill level 3 in Axes
   167 | D:1      | Reached XP level 2. HP: 20/22 MP: 2/2
   467 | D:1      | Reached XP level 3. HP: 26/27 MP: 3/3
  1165 | D:2      | Found a sacrificial altar of Ru.
  1260 | D:2      | Found a burning altar of Makhleb.
  1458 | D:2      | Reached skill level 4 in Axes
  1458 | D:2      | Reached XP level 4. HP: 31/34 MP: 4/4
  1484 | D:2      | Found an opulent altar of Gozag.
  1589 | D:2      | Became a worshipper of Makhleb the Destroyer
  1766 | D:2      | Found a shimmering altar of Xom.
  2032 | D:3      | Found a glowing golden altar of the Shining One.
  2120 | D:3      | Reached XP level 5. HP: 28/41 MP: 5/5
  2362 | D:3      | Noticed Grinder
  2404 | D:3      | Mangled by Grinder

Skill      XL: |  1  2  3  4 |
---------------+-------------+-----
Fighting       | 2 3 |  3.1
Axes           | 3 4 |  4.6
Throwing       | |  1.5
Dodging        | |  3.2

Action                   |  1- 3 |  4- 6 || total
-------------------------+-------+-------++-------
Melee: War axe           |   106 |    53 ||   159
       Bite              |     8 |     6 ||    14
  Use: Potion            |       |     2 ||     2
       Scroll            |       |     2 ||     2
 Stab: Sleeping          |     3 |     4 ||     7
Armor: Leather armour    |    39 |    19 ||    58
Dodge: Dodged            |    90 |    24 ||   114
